 Dungeon Crawl Stone Soup version 0.29.1-15-g9cfb28693d (webtiles) character file.

Game seed: 2418517026786940745

158194 Gumption the Executioner (level 17, -1/237 HPs)
             Began as a Minotaur Berserker on Feb 24, 2023.
             Was a High Priest of Trog.
             Killed from afar by a naga ritualist (2 damage)
             ... with a splash of poison
             ... on level 4 of the Snake Pit on Feb 26, 2023.
             The game lasted 05:41:52 (37930 turns).

Gumption the Executioner (Minotaur Berserker)      Turns: 37930, Time: 05:41:54

Health: -1/237     AC: 31    Str: 29    XL:     17   Next: 13%
Magic:  16/16      EV:  8    Int:  6    God:    Trog [*****.]
Gold:   603        SH: 13    Dex: 10    Spells: 16/16 levels left

rFire   + + .      SeeInvis +   a - +2 broad axe (drain)
rCold   + + .      Faith    .   K - +0 kite shield
rNeg    . . .      Spirit   .   O - +2 plate armour {rF+}
rPois   +          Reflect  .   J - +1 hat {SInv}
rElec   .          Harm     .   l - +2 cloak
rCorr   .          Rampage  .   H - +0 pair of gloves of Ovoneus {rPois rF+ Dex-2}
Will    ++++.                   S - +3 pair of mountain boots {steadfast, rC+}
Stlth   ..........              g - amulet of the acrobat
HPRegen 1.49/turn               j - +4 ring of slaying
MPRegen 0.15/turn               Y - ring of Rulani {rC+ Will+ Dex+3}

@: berserking, lethally poisoned (-1 -> -2), strong-willed, regenerating,
slowed, constricted, studying Axes
A: horns 2, retaliatory headbutt
a: Renounce Religion, Berserk, Trog's Hand, Brothers in Arms


You were on level 4 of the Snake Pit.
You worshipped Trog.
Trog was extremely pleased with you.
You visited 4 branches of the dungeon, and saw 26 of its levels.
You also visited: Bailey, Gauntlet and Ice Cave.

You collected 3049 gold pieces.
You spent 2446 gold pieces at shops.

Inventory:

Hand Weapons
 a - a +2 broad axe of draining (weapon)
 b - a +1 vorpal broad axe
 y - a +3 battleaxe of flaming
 C - a +0 broad axe
Missiles
 n - 19 poisoned darts (quivered)
 F - 5 curare-tipped darts
 N - 3 throwing nets
Armour
 l - a +2 cloak (worn)
 H - the +0 pair of gloves of Ovoneus (worn) {rPois rF+ Dex-2}
   (You bought it in a shop on level 9 of the Dungeon)

   Dex:       It affects your dexterity (-2).
   rF:        It protects you from fire.
   rPois:     It protects you from poison.
 J - a +1 hat of see invisible (worn)
 K - a +0 kite shield (worn)
 O - a +2 plate armour of fire resistance (worn)
 S - the +3 pair of mountain boots (worn) {steadfast, rC+}
   (You bought it in a shop on level 9 of the Dungeon)

   It prevents involuntary movement, except for blinking, teleportation, or
   banishment.
   rC:        It protects you from cold.
Jewellery
 g - an amulet of the acrobat (around neck)
 j - a +4 ring of slaying (left hand)
 x - a ring of see invisible
 Y - the ring of Rulani (right hand) {rC+ Will+ Dex+3}
   (You found it on level 1 of the Lair of Beasts)

   [ring of protection from cold]

   Dex:       It affects your dexterity (+3).
   rC:        It protects you from cold.
   Will:      It increases your willpower.
 Z - a ring of poison resistance
Wands
 f - a wand of digging (2)
 m - a wand of polymorph (5)
 P - a wand of iceblast (6)
Scrolls
 o - 7 scrolls of enchant weapon
 q - 3 scrolls of immolation
 r - 4 scrolls of identify
 s - 7 scrolls of fear
 w - 3 scrolls of butterflies
 z - 12 scrolls of teleportation
 Q - 4 scrolls of blinking
 U - 2 scrolls of summoning
 W - 3 scrolls of enchant armour
Potions
 c - 11 potions of curing
 d - 2 potions of brilliance
 e - 7 potions of attraction
 h - 6 potions of mutation
 i - a potion of ambrosia
 k - 2 potions of cancellation
 v - 3 potions of flight
 A - 4 potions of heal wounds
 B - 5 potions of might
 E - 2 potions of invisibility
 G - 4 potions of berserk rage
 R - 5 potions of haste
 X - a potion of resistance


   Skills:
 + Level 15.9 Fighting
 + Level 21.4 Axes
 + Level 8.4 Throwing
 + Level 17.3 Armour
 - Level 12.0 Dodging
 - Level 17.0 Shields


You had 16 spell levels left.
You didn't know any spells.
Your spell library was empty.

Dungeon Overview and Level Annotations

Branches:
Dungeon (15/15) Temple (0/1) D:6 Lair (5/5) D:10 Swamp (0/4) Lair:3 Snake (4/4) Lair:2 Slime (0/5) Lair:4 Orc (2/2) D:9 Elf (0/3) Orc:2 Vaults (0/5) D:13 D:14 Bailey (visited) IceCv (visited) Gauntlet (visited) Depths: D:15

Altars:
Cheibriados
Dithmenos
Elyvilon
Okawaru
Vehumet
The Shining One

Shops:
D:5 !   D:9 [   D:12 (   Orc:1 ***(   Orc:2 [=?(   Snake:3 [   Snake:4 [

Portals:
Trove: D:10 (give +4 demon whip)

Annotations:
D:5 2 transporters
D:8 2 transporters, TangoThomas's ghost, novice DsGl
D:11 exclusions: ice statue and obsidian statue
D:14 3 runed translucent doors, Wekuv's ghost, journeyman MiBe
Snake:3 1 runed translucent door, Voland's ghost, adept TeAE
Snake:4 ymhsbmbesitwf's ghost, adept MiBe


Innate Abilities, Weirdness & Mutations

You have a pair of horns on your head.
You reflexively headbutt those who attack you in melee.


Message History

The naga warrior hits you but does no damage.
The naga warrior constricts you. The naga ritualist closely misses you.
The black mamba bites you but does no damage.
The naga warrior blocks your attack.
You headbutt the naga warrior.
The naga warrior is moderately wounded.
You slash the black mamba! You drain the black mamba.
You kill the black mamba!
Trog accepts your kill.
You completely miss the salamander. You closely miss the black mamba.
You hit the naga warrior but do no damage.
You drain the naga warrior.
You feel very sick. The black mamba bites you.
You have difficulty breathing.
You feel as though you will be slow longer.
The naga mage hits you but does no damage.
The salamander barely misses you.
The naga warrior hits you with a +0 flail!!!
* * * LOW HITPOINT WARNING * * *
The naga warrior constricts you.
* * * LOW HITPOINT WARNING * * *
The naga warrior spits poison at you.
The splash of poison hits you but does no damage.
You resist. You block the naga ritualist's attack.
You block the black mamba's attack.
The salamander hits you but does no damage.
The naga mage hits you but does no damage.
The salamander hits you but does no damage.
A red film seems to cover your vision as you go berserk!
You feel yourself moving faster!
You feel mighty!
You feel sick.
The naga ritualist's toxic aura wanes.
The black mamba bites you but does no damage.
The naga mage barely misses you. The naga warrior barely misses you.
You block the black mamba's attack. The naga warrior spits poison at you.
The splash of poison misses you. The naga warrior constricts you.
The naga ritualist spits poison at you. The splash of poison hits you.
You have difficulty breathing.
* * * LOW HITPOINT WARNING * * *
You feel as though you will be slow longer.
You die...

#∩..######...#.....,,*
#............#.....,,***
#<<...#...##.......,,,,**
#...#.#...#.......,,,,,,*
#8).#...#.#.......,,,,,,***
#..####......[##*,,,,,,,,,**
#### ###..NNN.##,,*,,,,,,,,
#...S†NN.#*,,,,,**,,,
#..N@#.#.#**,,**,,^,,
#..NN#...***,,,,,,,,* *****
######....#*,,*,,,,,* **,,,**
**..N...,,,,,**,* **,,,,,****
*,...#.##*,,,,,,,
*,,***,,,,***,NNS.N..,,,,***,
**,,* **,,,,**,.......,,,,,,,,
*~,,** ***,,,***,,,,,,,,,****,
***~~,~*****,,,******,,,,,,****,


You could see 2 naga warriors, 2 salamanders, a naga ritualist (strong, curare,
catching breath), a black mamba (curare, drained), a naga mage (fast, strong)
and 2 nagas.

Vanquished Creatures
  Vashnia (Snake:3)
  Nikola (Snake:1)
  Rupert (D:13)
  Gastronok (Lair:3)
  Aizul (Snake:3)
  A very ugly thing (IceCv)
  A dire elephant (Gauntlet)
  A minotaur (Gauntlet)
  2 ettins
  2 vault guards (Bailey)
  Fannar (D:12)
  4 boulder beetles
  Harold (D:9)
  A salamander tyrant (Snake:1)
  3 catoblepae (Lair:5)
  4 hydras
  9 anacondas
  2 tengu warriors
  7 centaur warriors
  10 naga warriors
  Urug (D:12)
  6 death yaks (Lair:5)
  Sonja (Lair:1)
  6 shock serpents
  9 naga sharpshooters
  4 salamander mystics
  Amaemon (Lair:3)
  3 skeletal warriors (D:13)
  A deep troll (D:15)
  A wizard (D:15)
  7 naga ritualists
  8 orc knights
  2 orc sorcerers
  12 mana vipers
  A wolf spider (D:15)
  A deep elf pyromancer (D:12)
  4 ugly things (D:14)
  18 salamanders
  6 cyclopes
  4 manticores
  19 elephants
  Joseph (D:9)
  13 naga magi
  An ice statue (Snake:3)
  An orange demon (Lair:3)
  35 black mambas
  4 guardian serpents
  An unseen horror (D:11)
  2 kobold demonologists
  A minotaur zombie (Gauntlet)
  14 cane toads
  3 rime drakes
  A freezing wraith (IceCv)
  11 komodo dragons
  Maggie (Lair:1)
  An efreet (D:13)
  A red devil (Gauntlet)
  A tengu conjurer (D:14)
  3 golden dragon simulacra (IceCv)
  An anaconda simulacrum (IceCv)
  4 trolls
  3 meliai (D:14)
  Prince Ribbit (Bailey)
  A tyrant leech (Lair:3)
  2 hornets
  20 slime creatures
  18 blink frogs
  7 dream sheep (Lair:5)
  4 wyverns
  21 humans
  2 wraiths
  Grum (D:9)
  3 dire elephant simulacra (IceCv)
  3 basilisks
  3 chaos spawn (Gauntlet)
  A steam dragon (D:8)
  46 yaks
  A neqoxec (Gauntlet)
  23 vampire mosquitoes
  8 wargs (Orc:2)
  A harpy simulacrum (IceCv)
  2 acid dragons
  2 hydra simulacra (IceCv)
  32 nagas
  12 water moccasins
  41 orc warriors
  A sky beast (D:5)
  A black bear (shapeshifter) (D:14)
  3 ettin simulacra (IceCv)
  9 ogres
  21 wolves
  An alligator simulacrum (IceCv)
  6 centaurs
  2 phantoms
  3 kobold brigands
  18 bullfrogs
  A gnoll sergeant (D:9)
  3 scorpions
  2 necrophages (D:5)
  9 wights
  10 killer bees
  A lindwurm simulacrum (IceCv)
  An electric eel (Lair:2)
  2 howler monkeys
  4 crimson imps (Gauntlet)
  2 hounds
  4 iguanas
  11 orc priests
  2 gnoll boudas
  A jelly (D:6)
  Terence (D:2)
  15 orc wizards
  4 hell rats (Lair:3)
  A boggart simulacrum (D:15)
  Robin (D:1)
  9 adders
  17 gnolls
  3 white imps
  An ufetubus (D:6)
  4 worms
  A dart slug (D:1)
  93 orcs
  10 endoplasms
  2 giant cockroaches
  17 hobgoblins
  3 jackals (D:3)
  3 quokkas
  7 ball pythons
  6 bats
  3 frilled lizards (D:1)
  24 goblins
  23 kobolds
  7 rats
900 creatures vanquished.

Vanquished Creatures (collateral kills)
  Nergalle (D:12)
  A centaur (D:12)
2 creatures vanquished.

Vanquished Creatures (others)
  48 fungi
  58 plants
106 creatures vanquished.

Grand Total: 1008 creatures vanquished

Notes
Turn   | Place    | Note
-------+----------+-------------------------------------------
     0 | D:1      | Gumption the Minotaur Berserker began the quest for the
                  | Orb.
     0 | D:1      | Reached XP level 1. HP: 19/19 MP: 0/0
    65 | D:1      | Reached skill level 4 in Axes
   186 | D:1      | Reached XP level 2. HP: 26/27 MP: 1/1
   265 | D:1      | Noticed an eye of devastation
   273 | D:1      | Found a faded altar of an unknown god.
   274 | D:1      | Noticed a floating eye
   274 | D:1      | Noticed an eye of devastation
   274 | D:1      | Noticed a golden eye
   642 | D:1      | Reached XP level 3. HP: 28/33 MP: 2/2
  1459 | D:2      | Noticed Robin
  1473 | D:1      | Killed Robin
  1601 | D:2      | Reached XP level 4. HP: 29/40 MP: 3/3
  1709 | D:2      | Reached ** piety under Trog
  1710 | D:2      | Reached skill level 5 in Axes
  1735 | D:2      | Noticed Terence
  1757 | D:2      | Killed Terence
  2751 | D:3      | Reached XP level 5. HP: 47/47 MP: 4/4
  3513 | D:4      | Found a snail-covered altar of Cheibriados.
  3693 | D:4      | Reached skill level 6 in Axes
  3763 | D:4      | Reached skill level 5 in Fighting
  3763 | D:4      | Reached XP level 6. HP: 56/56 MP: 5/5
  3918 | D:5      | Entered Level 5 of the Dungeon
  4137 | D:5      | Found a transporter.
  4184 | D:5      | Found Poneid's Distillery.
  4192 | D:5      | Bought a potion of curing for 39 gold pieces
  4235 | D:5      | Found a transporter.
  4239 | D:5      | Noticed a fire bat
  4239 | D:5      | Noticed a fire bat
  4403 | D:5      | Reached skill level 7 in Axes
  4455 | D:5      | Noticed a sky beast
  4470 | D:5      | Killed a sky beast
  4471 | D:5      | Reached skill level 5 in Armour
  4471 | D:5      | Reached XP level 7. HP: 56/62 MP: 6/6
  4591 | D:6      | Reached *** piety under Trog
  4592 | D:6      | Reached skill level 8 in Axes
  4622 | D:6      | Found an iron altar of Okawaru.
  4627 | D:6      | Found a radiant altar of Vehumet.
  4632 | D:6      | Found a glowing golden altar of the Shining One.
  4768 | D:6      | Found a staircase to the Ecumenical Temple.
  4770 | D:6      | Identified the +1 flail "Noamo" {flame, Int+5 Stlth+}
  4884 | D:6      | Reached XP level 8. HP: 68/71 MP: 7/7
  5683 | D:7      | Reached skill level 9 in Axes
  6146 | D:6      | Reached skill level 10 in Axes
  6683 | D:7      | Reached XP level 9. HP: 62/81 MP: 8/8
  6828 | D:7      | Reached skill level 11 in Axes
  7231 | D:7      | Identified the +1 leather armour of Epnap {rC+}
  7657 | D:8      | Reached **** piety under Trog
  7696 | D:8      | Found a flagged portal.
  7704 | Bailey   | Entered a bailey
  7931 | Bailey   | Reached skill level 12 in Axes
  8319 | Bailey   | Reached XP level 10. HP: 88/91 MP: 9/9
  8331 | Bailey   | Noticed Prince Ribbit
  8331 | Bailey   | Noticed a vault guard
  8334 | Bailey   | Killed Prince Ribbit
  8344 | Bailey   | Killed a vault guard
  8345 | Bailey   | Reached skill level 13 in Axes
  8382 | Bailey   | Noticed a vault guard
  8395 | Bailey   | Killed a vault guard
  8396 | Bailey   | Reached skill level 10 in Fighting
  8660 | D:8      | Found a shadowy altar of Dithmenos.
  9000 | D:8      | Found a transporter.
  9052 | D:8      | Found a transporter.
  9052 | D:8      | Noticed TangoThomas's ghost (novice DsGl)
  9067 | D:8      | Identified the +2 rapier "Sapew" {venom, Will+ Dex-3 SInv}
  9518 | D:9      | Found Qeanicub's Armour Emporium.
  9532 | D:9      | Reached skill level 10 in Armour
  9532 | D:9      | Noticed a centaur warrior
  9617 | D:9      | Noticed Grum
  9627 | D:8      | Reached skill level 14 in Axes
  9685 | D:9      | Noticed Harold
  9691 | D:8      | Reached ***** piety under Trog
  9929 | D:9      | Bought the +0 pair of gloves of Ovoneus {rPois rF+ Dex-2}
                  | for 296 gold pieces
 10029 | D:9      | Reached XP level 11. HP: 89/101 MP: 10/10
 10165 | D:9      | Killed Grum
 10473 | D:9      | Noticed Joseph
 10474 | D:9      | Found a staircase to the Orcish Mines.
 10479 | D:9      | Reached skill level 15 in Axes
 10489 | D:9      | Killed Joseph
 10493 | D:9      | Killed a centaur warrior
 10903 | D:9      | Reached skill level 1 in Shields
 11016 | D:9      | Killed Harold
 11290 | D:10     | Entered Level 10 of the Dungeon
 11779 | D:10     | Found a staircase to the Lair.
 12021 | D:9      | Bought the +3 pair of mountain boots {steadfast, rC+} for
                  | 536 gold pieces
 12021 | D:9      | Found the +3 pair of mountain boots {steadfast, rC+}
 12056 | D:10     | Found a portal to a secret trove of treasure.
 12269 | D:11     | Noticed an obsidian statue
 12887 | D:11     | Reached skill level 16 in Axes
 12907 | D:11     | Received a gift from Trog
 13209 | D:11     | Reached skill level 5 in Shields
 13457 | D:12     | Noticed Nergalle
 13467 | D:12     | Killed Nergalle
 13478 | D:12     | Noticed a boulder beetle
 13484 | D:12     | Noticed a deep elf pyromancer
 13496 | D:12     | Killed a deep elf pyromancer
 13497 | D:12     | Reached XP level 12. HP: 71/112 MP: 11/11
 13510 | D:12     | Killed a boulder beetle
 14358 | Lair:1   | Entered Level 1 of the Lair of Beasts
 14621 | D:10     | HP: 5/113 [komodo dragon (20)]
 15108 | Lair:1   | Noticed Maggie
 15141 | Lair:1   | Killed Maggie
 15199 | Lair:1   | Noticed Sonja
 15208 | Lair:1   | Killed Sonja
 15417 | Lair:1   | Found a snail-covered altar of Cheibriados.
 15436 | Lair:1   | Identified the ring of Rulani {rC+ Will+ Dex+3}
 15959 | Lair:2   | Found a gate leading to a gauntlet.
 15970 | Gauntlet | Entered a Gauntlet
 15970 | Gauntlet | Found a transporter.
 15970 | Gauntlet | Found a transporter.
 15986 | Gauntlet | Found a transporter.
 15990 | Gauntlet | Found a transporter.
 16002 | Gauntlet | Found a transporter.
 16004 | Gauntlet | Found a transporter.
 16010 | Gauntlet | Noticed a dire elephant
 16014 | Gauntlet | Found a transporter.
 16035 | Gauntlet | Found a transporter.
 16055 | Gauntlet | Found a transporter.
 16057 | Gauntlet | Found a transporter.
 16058 | Gauntlet | Noticed a green death
 16067 | Gauntlet | Found a transporter.
 16071 | Gauntlet | Found a transporter.
 16595 | Gauntlet | Killed a dire elephant
 16873 | Gauntlet | Noticed a minotaur
 16890 | Gauntlet | Killed a minotaur
 17022 | Lair:2   | Found a staircase to the Snake Pit.
 17157 | Lair:2   | Reached skill level 10 in Shields
 17183 | Lair:2   | Noticed a boulder beetle
 17220 | Lair:2   | Killed a boulder beetle
 17349 | Lair:2   | Reached XP level 13. HP: 90/122 MP: 12/12
 17479 | Lair:2   | Reached skill level 5 in Dodging
 18172 | Lair:3   | Received a gift from Trog
 18295 | Lair:3   | Noticed Amaemon
 18313 | Lair:3   | Killed Amaemon
 18359 | Lair:3   | Identified 2 scrolls of acquirement
 18368 | Lair:3   | Acquired a manual of Axes
 18370 | Lair:3   | Acquired a +2 broad axe of draining
 18874 | Lair:3   | Noticed Gastronok
 18886 | Lair:3   | Killed Gastronok
 19732 | Lair:3   | Found a staircase to the Swamp.
 20058 | Lair:4   | Found a staircase to the Slime Pits.
 20647 | Lair:5   | Entered Level 5 of the Lair of Beasts
 20732 | Lair:5   | Reached skill level 17 in Axes
 20782 | Lair:5   | Reached XP level 14. HP: 82/133 MP: 13/13
 21377 | Lair:4   | HP: 6/133 [seven-headed hydra (9)]
 21382 | Lair:4   | HP: 9/199 [seven-headed hydra (2)]
 22097 | Lair:5   | Received a gift from Trog
 22502 | Lair:5   | Reached skill level 18 in Axes
 22515 | Lair:5   | Reached skill level 15 in Fighting
 23556 | D:12     | Found a white marble altar of Elyvilon.
 23626 | D:12     | Found Yzugar's Weapon Shop.
 23635 | D:12     | Noticed Urug
 23641 | D:12     | Killed Urug
 23736 | D:12     | Noticed Fannar
 23752 | D:12     | Killed Fannar
 24845 | D:13     | Reached skill level 15 in Shields
 25794 | D:13     | Reached skill level 1 in Throwing
 25901 | D:14     | Noticed Rupert
 25901 | D:14     | Found a gate to the Vaults.
 25917 | D:13     | Killed Rupert
 25918 | D:13     | Reached skill level 19 in Axes
 25918 | D:13     | Reached XP level 15. HP: 17/141 MP: 14/14
 26613 | D:14     | Received a gift from Trog
 27103 | D:14     | Found a snail-covered altar of Cheibriados.
 27266 | D:14     | Found a runed translucent gate.
 27266 | D:14     | Found a runed translucent gate.
 27266 | D:14     | Found a runed translucent gate.
 27270 | D:14     | Noticed Wekuv's ghost (journeyman MiBe)
 27719 | D:15     | Entered Level 15 of the Dungeon
 27765 | D:15     | Reached skill level 15 in Armour
 28069 | D:15     | Noticed a fire giant
 28609 | Orc:1    | Entered Level 1 of the Orcish Mines
 28610 | Orc:1    | Found Ytuluih's General Store.
 28721 | Orc:1    | Found Kedewiun's Assorted Antiques.
 28774 | Orc:1    | Found Doafoysh's Assorted Antiques.
 28906 | Orc:2    | Entered Level 2 of the Orcish Mines
 28931 | Orc:2    | Found a staircase to the Elven Halls.
 28950 | Orc:2    | Reached skill level 10 in Dodging
 29347 | Orc:1    | Found Veuschue's Weapon Shoppe.
 29665 | Orc:2    | Received a gift from Trog
 29896 | Orc:2    | Reached skill level 20 in Axes
 30165 | Orc:2    | Found Ribb's Jewellery Boutique.
 30165 | Orc:2    | Found Taofa's Armour Shoppe.
 30231 | Orc:2    | Found Axzaozica's Weapon Boutique.
 30232 | Orc:2    | Found Riyhaaqu's Magic Scroll Shoppe.
 30357 | Orc:2    | Bought a +4 ring of slaying for 1092 gold pieces
 30395 | Orc:2    | Bought a scroll of brand weapon for 161 gold pieces
 30395 | Orc:2    | Bought a scroll of enchant weapon for 127 gold pieces
 30661 | Orc:1    | Bought 2 scrolls of enchant armour for 195 gold pieces
 30767 | Snake:1  | Entered Level 1 of the Snake Pit
 31176 | Snake:1  | Reached skill level 5 in Throwing
 31183 | Snake:1  | Noticed Nikola
 31217 | Snake:1  | Killed Nikola
 31217 | Snake:1  | Reached ****** piety under Trog
 31382 | Snake:1  | Reached XP level 16. HP: 104/149 MP: 15/15
 31827 | Snake:1  | Identified the +6 shortbow "Bolauw" {vorpal, rC++ Int+8}
 32282 | Snake:1  | Received a gift from Trog
 32284 | Snake:1  | Reached skill level 21 in Axes
 34226 | Snake:3  | Found a frozen archway.
 34244 | IceCv    | Entered an ice cave
 34542 | IceCv    | Received a gift from Trog
 35802 | Snake:3  | Found Qirauj's Antique Armour Emporium.
 35881 | Snake:3  | Noticed Aizul
 35909 | Snake:3  | Killed Aizul
 35920 | Snake:3  | HP: 7/149 [poisoned by a naga mage (bolt of poison)]
 36269 | Snake:3  | Found a runed translucent door.
 36269 | Snake:3  | Noticed Voland's ghost (adept TeAE)
 36697 | Snake:3  | Noticed Vashnia
 36740 | Snake:3  | Killed Vashnia
 36741 | Snake:3  | Reached XP level 17. HP: 135/158 MP: 16/16
 36759 | Snake:2  | HP: 3/158 [poisoned by a black mamba]
 37819 | Snake:4  | Entered Level 4 of the Snake Pit
 37820 | Snake:4  | Noticed ymhsbmbesitwf's ghost (adept MiBe)
 37905 | Snake:4  | Found Osyt Bupp's Antique Armour Emporium.
 37929 | Snake:4  | HP: 4/158 [constriction (4)]
 37930 | Snake:4  | HP: 1/237 [asphyx]
 37930 | Snake:4  | Killed from afar by a naga ritualist

Illustrated notes

Levels and vault maps discovered:
D:1:      ebering_trefoil_twist, layout_loops_ring,
          hellmonk_ecumenical_altar_watching_god, st_stairs_4
D:2:      layout_rooms, uniq_terence, uniq_robin
D:3:      layout_basic, minmay_ruptured
D:4:      layout_basic, mainiacjoe_overflow_chevrons, serial_park_tiny_1
D:5:      gammafunk_cloud_chamber, layout_basic, serial_shops, shop,
          nrook_pool_corridor, minmay_misc_feat_columns
D:6:      layout_basic, minitemple, minmay_temple_entry_sparse_star,
          nicolae_kite_square_tiling_tiny, bh_walls_and_bars
D:7:      layout_rooms, minivault_5, kennysheep_potato
D:8:      layout_basic, general_overflow_altar,
          nicolae_ossuary_entry_false_entrances, enter_bailey_7,
          gammafunk_ghost_stat_death
D:9:      layout_rooms, erik_orc_4, serial_shops, shop, uniq_grum, uniq_harold,
          uniq_joseph
D:10:     layout_long_grid, lair_entry_dummy, special_room [special_room_orc],
          enter_trove_6
D:11:     layout_loops_ring, nicolae_water_bricks, david_greed
D:12:     layout_basic, serial_shops, nicolae_shop_hallway_plus,
          elyvilon_altar_4, uniq_nergalle, uniq_fannar, uniq_urug
D:13:     layout_irregular_city
D:14:     layout_rooms, david_vaults_3, gammafunk_ghost_spectres,
          minmay_misc_feat_hallway, cheibrodos_worm_habitat
D:15:     hangedman_depths_entry_civil_slaughter, layout_gridville, minivault_28
Lair:1:   layout_long_grid, basic_altar, uniq_sonja, uniq_maggie
Lair:2:   layout_regular_city, minmay_snake_entry_guardpost_small,
          gauntlet_entry_generic, infiniplex_staircase_pool
Lair:3:   layout_roguey, palyth_hydra_swamp_entry, beast_lair_carwin_9,
          uniq_amaemon, uniq_gastronok
Lair:4:   layout_gridlike, dpeg_slime_entry_corner, grunt_megastairs_4
Lair:5:   evilmike_catoblepas_cave, layout_loops_ring
Snake:1:  layout_cave_shapes, nicolae_snake_double_loop, grunt_ministairs_12,
          nicolae_snake_salamander_fort, uniq_nikola
Snake:2:  layout_misc_corridors
Snake:3:  layout_layer_cave, serial_shops, shop, gammafunk_ghost_grave,
          portal_ice_cave_entry_ice_statue_one, uniq_aizul, uniq_vashnia
Snake:4:  grunt_snake_rune_pools, layout_misc_corridors, serial_shops,
          bzr_firewalk, shop_statue, gammafunk_ghost_split
Orc:1:    layout_diamond_mine, serial_shops, nicolae_shop_bloodbath_and_beyond,
          nicolae_shop_window_shopping, shop, nicolae_shop_stone
Orc:2:    st_orc_town, layout_diamond_mine

Skill      XL: |  1  2  3  4  5  6  7  8  9 10 11 12 13 14 15 16 |
---------------+-------------------------------------------------+-----
Axes           | 4 5 6 7 8 10 12 14 16 17 19 20 21 | 21.4
Fighting       | 4 5 6 7 9 10 12 13 14 15 | 15.9
Armour         | 3 4 5 6 7 9 10 11 13 14 15 17 | 17.3
Shields        | 5 10 12 15 16 17 | 17.0
Dodging        | 4 7 9 10 12 | 12.0
Throwing       | 1 5 8 |  8.4

Action                   |  1- 3 |  4- 6 |  7- 9 | 10-12 | 13-15 | 16-18 || total
-------------------------+-------+-------+-------+-------+-------+-------++-------
Melee: Hand axe          |    51 |       |       |       |       |       ||    51
       Headbutt          |    15 |    24 |    34 |   130 |   270 |   109 ||   582
       War axe           |    38 |   124 |   191 |   526 |   101 |       ||   980
       Punch             |     1 |       |     2 |     6 |       |       ||     9
       Broad axe         |       |       |       |       |   997 |   439 ||  1436
Throw: Dart              |     8 |    13 |     1 |     6 |    39 |       ||    67
       Javelin           |       |       |       |       |    11 |    10 ||    21
Invok: Berserk           |     1 |       |     1 |     6 |     2 |     5 ||    15
       Trog's Hand       |       |       |     1 |     5 |     5 |     5 ||    16
       Brothers in Arms  |       |       |       |     1 |       |       ||     1
Evoke: Wand              |       |       |       |       |    21 |     4 ||    25
  Use: Scroll            |       |    10 |     8 |     6 |    16 |     2 ||    42
       Potion            |       |       |     3 |     1 |     1 |     5 ||    10
 Stab: Invisible         |       |       |       |     2 |       |       ||     2
Armor: Animal skin       |    11 |       |       |       |       |       ||    11
       Chain mail        |       |    51 |   116 |   173 |   526 |       ||   866
       Scale mail        |       |       |     8 |    64 |       |       ||    72
       Plate armour      |       |       |       |       |    48 |   221 ||   269
Dodge: Dodged            |    64 |    48 |   141 |   251 |   571 |   235 ||  1310
Block: Kite shield       |       |       |       |   158 |   677 |   309 ||  1144
